 Dungeon Crawl Stone Soup version 0.23.0 (webtiles) character file.

Game seed: 13176349621794196060

2629 Froggeryz the Martial Artist (level 9, -11/58 HPs)
             Began as an Octopode Transmuter on Feb 17, 2019.
             Was a Priest of Cheibriados.
             Mangled by a gargoyle
             ... wielding a +0 flail
              (17 damage)
             ... on level 7 of the Dungeon.
             The game lasted 00:14:11 (7036 turns).

Froggeryz the Martial Artist (Octopode Transmuter)  Turns: 7036, Time: 00:14:12

Health: -11/58     AC:  3    Str: 20    XL:     9   Next: 61%
Magic:  1/12       EV: 18    Int: 28    God:    Cheibriados [***...]
Gold:   213        SH:  5    Dex: 24    Spells: 7/12 levels left

rFire    . . .     SeeInvis .     - Unarmed
rCold    . . .     Gourm    .   (no shield)
rNeg     . . .     Faith    .   q - +2 hat
rPois    .         Spirit   .   u - +5 amulet of reflection
rElec    .         Reflect  +   d - ring of stealth
rCorr    .         Harm     .   n - +3 ring of dexterity
MR       .....                  (no ring)
Stlth    ++++......             (no ring)
HPRegen  0.19/turn              (no ring)
MPRegen  0.13/turn              (no ring)
                                (no ring)
                                (no ring)

@: brilliant, very slow
A: almost no armour, stealthy swim, amphibious, 8 rings, constrict 8, camouflage
1, gelatinous body 1
a: Bend Time, Temporal Distortion, Renounce Religion


You were on level 7 of the Dungeon.
You worshipped Cheibriados.
Cheibriados was most pleased with you.
You were not hungry.

You visited 1 branch of the dungeon, and saw 7 of its levels.

You collected 246 gold pieces.
You spent 33 gold pieces at shops.

Inventory:

Missiles
 a - 102 arrows
 v - a throwing net (quivered)
Armour
 q - a +2 hat (worn)
Jewellery
 d - a ring of stealth (left tentacle)
 n - a +3 ring of dexterity (right tentacle)
 p - an uncursed amulet of regeneration
 u - a +5 amulet of reflection (around mantle)
Wands
 k - a wand of flame (22)
 l - a wand of clouds (4)
Scrolls
 b - 3 scrolls of identify
 e - 4 scrolls of amnesia {unknown}
 f - 2 scrolls of enchant armour
 g - a scroll of teleportation
 i - 8 scrolls of remove curse
 m - 2 scrolls of fog {unknown}
Comestibles
 c - 11 rations


   Skills:
 - Level 4.0 Fighting
 - Level 6.0 Dodging
 + Level 0.7 Stealth
 * Level 10.8 Unarmed Combat
 - Level 2.0 Spellcasting
 + Level 2.8 Transmutations


You had 7 spell levels left.
You knew the following spells:

 Your Spells              Type           Power        Failure   Level  Hunger
a - Beastly Appendage     Tmut           #####.       1%          1    None
b - Blink                 Tloc           N/A          1%          2    ##.....
c - Sticks to Snakes      Tmut           #####...     1%          2    ##.....

Your spell library contained the following spells:

 Spells                   Type           Power        Failure   Level  Hunger
 Magic Dart               Conj           ###.         1%          1    None
 Call Imp                 Summ           ###.....     1%          2    ##.....
 Slow                     Hex            ###.....     1%          2    ##.....
 Spider Form              Tmut/Pois      ####......   1%          3    ###....
 Conjure Flame            Conj/Fire      ###.....     3%          3    ###....
 Mephitic Cloud           Conj/Pois/Air  ###.....     3%          3    ###....
 Ice Form                 Ice/Tmut       ####....     6%          4    ####...
 Blade Hands              Tmut           #####.....   9%          5    ######.


Dungeon Overview and Level Annotations

Branches:
Dungeon (7/15)             Temple (0/1) D:6

Altars:
Cheibriados
Elyvilon
Gozag
Nemelex Xobeh
Qazlal
Vehumet

Shops:
D:6 *

Annotations:
D:6 exclusion: statue
D:7 1 runed translucent door, luab's ghost, novice HOFi


Innate Abilities, Weirdness & Mutations

You cannot wear most types of armour.
You are very stealthy in the water. (Stealth+)
You are amphibious.
You can wear up to eight rings at the same time.
You can use your tentacles to constrict eight enemies at once.
Your skin changes colour to match your surroundings (Stealth+).
Your rubbery body absorbs attacks. (AC +1, EV +1)


Message History

Okay, then.
Casting: Sticks to Snakes (safe; 1% risk of failure)
Confirm with . or Enter, or press ? or * to list all spells.
Okay, then.
Unknown command.
Okay, then.
Unknown command.
You fail to use your ability.
You constrict the gargoyle. x2
Your adder bites the gargoyle but does no damage.
The gargoyle barely misses you.
You warp the flow of time around you!
You feel somewhat more hungry.
You can no longer inflict damage on those overly hasty.
Cheibriados lowers the support of your attributes as your movement quickens.
You tentacle-slap the gargoyle but do no damage.
You grab the gargoyle. You tentacle-slap the gargoyle.
You squeeze the gargoyle.
The gargoyle is severely damaged.
You constrict the gargoyle, but do no damage.
The gargoyle hits you with a +0 flail!
You die...

#####..#.....#
###########......#######
####...........#####.......
#..............##.......#..
#.#...#######.....##..#....
#.#†###8###8###.........###
#...# ##9.'##8#.........#
#..###+..9..'###........#
#..#8#....@..#)#.....##.#
#............'##.<...##.#
#........8....##.....#..#
##...........'##.......##
#.#8#.......#!#.....###
#.###+.....+###.....# #..
##+.+## ..##### ##. ### #.#
..


You could see 2 gargoyles.

Vanquished Creatures
  Menkaure (D:6)
  A hungry ghost (D:7)
  3 ogres
  A phantom (D:7)
  2 centaurs (D:6)
  A big kobold (D:4)
  A bullfrog (D:7)
  A scorpion (D:7)
  5 wights
  4 howler monkeys
  5 crimson imps
  A centaur zombie (D:7)
  A bullfrog zombie (D:7)
  A hound (D:7)
  A bullfrog skeleton (D:6)
  4 orc priests
  3 jellies
  6 orc wizards
  2 iguanas
  4 worker ants
  2 worker ant zombies
  10 adders
  7 gnolls (D:5)
  An ooze (D:4)
  2 adder skeletons
  5 worms
  A leopard gecko (D:3)
  24 orcs
  7 bats
  6 giant cockroaches
  3 hobgoblins
  6 jackals
  3 quokkas
  4 frilled lizards
  3 goblins
  6 kobolds
  2 quokka skeletons
  6 rats
146 creatures vanquished.

Vanquished Creatures (collateral kills)
  The ghost of iano21 the Slinger, a novice HaHu (D:5)
1 creature vanquished.

Vanquished Creatures (others)
  A withered plant (D:5)
1 creature vanquished.

Grand Total: 148 creatures vanquished

Notes
Turn   | Place    | Note
-------+----------+-------------------------------------------
     0 | D:1      | Froggeryz the Octopode Transmuter began the quest for the
                  | Orb.
     0 | D:1      | Reached XP level 1. HP: 13/13 MP: 3/3
   372 | D:1      | Reached XP level 2. HP: 16/18 MP: 5/5
  1107 | D:2      | Reached XP level 3. HP: 16/24 MP: 6/6
  1961 | D:3      | Reached skill level 4 in Unarmed Combat
  2295 | D:3      | Reached XP level 4. HP: 20/29 MP: 5/7
  2980 | D:4      | Noticed a big kobold
  2993 | D:4      | Killed a big kobold
  2993 | D:4      | Reached skill level 5 in Unarmed Combat
  2993 | D:4      | Reached XP level 5. HP: 28/36 MP: 6/8
  3303 | D:4      | Reached XP level 6. HP: 14/42 MP: 7/9
  3593 | D:4      | Found a snail-covered altar of Cheibriados.
  3607 | D:4      | Became a worshipper of Cheibriados the Contemplative
  3638 | D:4      | Reached skill level 6 in Unarmed Combat
  4101 | D:4      | Found a sparkling altar of Nemelex Xobeh.
  4238 | D:5      | Entered Level 5 of the Dungeon
  4244 | D:5      | Learned a level 2 spell: Blink
  4247 | D:5      | Learned a level 2 spell: Sticks to Snakes
  4257 | D:5      | Reached XP level 7. HP: 34/48 MP: 8/10
  4277 | D:5      | Reached * piety under Cheibriados
  4492 | D:5      | Found a stormy altar of Qazlal.
  4610 | D:5      | Reached skill level 7 in Unarmed Combat
  4971 | D:5      | Noticed iano21's ghost (novice HaHu)
  4972 | D:5      | Found a runed translucent door.
  5090 | D:5      | Found an opulent altar of Gozag.
  5253 | D:5      | Killed iano21's ghost
  5253 | D:5      | Reached skill level 8 in Unarmed Combat
  5253 | D:5      | Reached XP level 8. HP: 32/54 MP: 3/11
  5424 | D:6      | Reached ** piety under Cheibriados
  5857 | D:5      | Reached skill level 9 in Unarmed Combat
  6190 | D:6      | Reached skill level 5 in Dodging
  6213 | D:6      | Found Zugavi Hoyh's General Store.
  6221 | D:6      | Bought a scroll of teleportation for 33 gold pieces
  6293 | D:6      | Reached XP level 9. HP: 58/58 MP: 10/12
  6301 | D:6      | Noticed Menkaure
  6312 | D:6      | Killed Menkaure
  6316 | D:6      | Reached skill level 10 in Unarmed Combat
  6349 | D:6      | Reached *** piety under Cheibriados
  6438 | D:6      | Found a staircase to the Ecumenical Temple.
  6507 | D:6      | Found a white marble altar of Elyvilon.
  6596 | D:6      | Found a radiant altar of Vehumet.
  6972 | D:7      | Found a runed translucent door.
  6984 | D:7      | Noticed luab's ghost (novice HOFi)
  7002 | D:7      | Reached **** piety under Cheibriados
  7022 | D:7      | Noticed a gargoyle
  7024 | D:7      | Noticed a gargoyle
  7036 | D:7      | Mangled by a gargoyle

Skill      XL: |  1  2  3  4  5  6  7  8  9 |
---------------+----------------------------+-----
Fighting       | 2 3 4 |  4.0
Unarmed Combat | 4 5 6 8 9 10 | 10.8
Dodging        | 3 5 6 |  6.0
Stealth        | |  0.7
Spellcasting   | |  2.0
Transmutations | |  2.8

Action                   |  1- 3 |  4- 6 |  7- 9 || total
-------------------------+-------+-------+-------++-------
Melee: Unarmed           |    66 |   101 |   209 ||   376
       Tentacles         |    11 |    23 |    48 ||    82
       Punch             |     2 |     4 |    19 ||    25
       Constrict         |    15 |    29 |    46 ||    90
       Kick              |     3 |    24 |    46 ||    73
 Cast: Beastly Appendage |     5 |    10 |    18 ||    33
       Sticks to Snakes  |       |       |    12 ||    12
       Blink             |       |       |     3 ||     3
Invok: Temporal Distorti |       |       |     1 ||     1
  Use: Potion            |       |     3 |     2 ||     5
       Scroll            |       |       |    14 ||    14
 Stab: Sleeping          |     6 |     6 |     5 ||    17
       Distracted        |       |       |     2 ||     2
  Eat: Chunk             |     4 |     6 |     7 ||    17
Armor: Skin              |     5 |     3 |     7 ||    15
Dodge: Dodged            |    36 |    47 |   115 ||   198
Block: Other             |       |       |    34 ||    34
